 Dungeon Crawl Stone Soup version 0.30-a0-1112-gfb780f5df6 (webtiles) character file.

Game seed: 2161436081080995788

562 kae the Changer (level 7, -4/62 HPs)
             Began as a Purple Draconian Transmuter on Apr 19, 2023.
             Was an Initiate of Ru.
             Slain by an ogre
             ... wielding a +0 giant club
              (17 damage)
             ... on level 4 of the Dungeon.
             The game lasted 00:03:51 (3961 turns).

kae the Changer (Purple Draconian Transmuter)       Turns: 3961, Time: 00:03:52

Health: -4/62      AC:  6    Str: 12    XL:     7   Next: 10%
Magic:  7/13       EV: 10    Int: 16    God:    Ru [......]
Gold:   157        SH:  0    Dex: 11    Spells: 4/14 levels left

rFire   x . .      SeeInvis .      - Unarmed
rCold   + + +      Faith    .    (shield currently unavailable)
rNeg    . . .      Spirit   .    (body armour unavailable)
rPois   +          Reflect  .    (helmet currently unavailable)
rElec   .          Rampage  .    h - melded +2 cloak
rCorr   .                        (gloves currently unavailable)
Will    +....                    (boots currently unavailable)
Stlth   +                        (no amulet)
HPRegen 0.30/turn                (no ring)
MPRegen 0.13/turn                (no ring)

@: ice-form, wereblooded
A: freezing attack, amphibious, boosted hp, (breathe power), AC +6, large,
unfitting armour, (cold-blooded)
a: End Transformation, Renounce Religion, Sacrifice Nimbleness, Sacrifice Love,
Sacrifice Health, Reject Sacrifices


You were on level 4 of the Dungeon.
You worshipped Ru.
Ru was noncommittal.
You were a creature of crystalline ice.
You visited 1 branch of the dungeon, and saw 4 of its levels.

You collected 157 gold pieces.


Innate Abilities, Weirdness & Mutations

You are a creature of crystalline ice.
You have a powerful freezing melee attack.
You are amphibious.
Your maximum health is increased.
Your armour is entirely melded.
You are incapable of wielding weapons or throwing items.
((You can breathe bolts of dispelling energy.))
((Your rich purple scales are hard. (AC +6)))
You cannot fit into any form of body armour.
((You are cold-blooded and may be slowed by cold attacks.))


   Skills:
 - Level 1.1 Fighting
 - Level 1.7 Dodging
 - Level 3.0 Unarmed Combat
 + Level 4.1 Spellcasting
 * Level 4.8 Transmutations
 * Level 4.2 Ice Magic
 - Level 2.5 Poison Magic


You had 4 spell levels left.
You knew the following spells:

 Your Spells              Type           Power      Damage    Failure   Level
a - Beastly Appendage     Tmut           36%        N/A       2%          1
b - Wereblood             Tmut           18%        N/A       3%          2
c - Spider Form           Tmut/Pois      15%        N/A       11%         3
d - Ice Form              Ice/Tmut       17%        N/A       26%         4

Your spell library contained the following spells:

 Spells                   Type           Power      Damage    Failure   Level


Inventory:

Missiles
 c - 2 poisoned darts
 e - 6 boomerangs of dispersal {=f!f}
 g - 13 stones
 l - 2 curare-tipped darts {=f}
Armour
 h - a +2 cloak (melded)
   (You found it on level 2 of the Dungeon)
Jewellery
 C - a ring of ice
   (You found it on level 1 of the Dungeon)
Wands
 i - a wand of paralysis (14)
   (You found it on level 2 of the Dungeon)
 o - a wand of light (7)
   (You took it off Jessica on level 3 of the Dungeon)
Scrolls
 j - a scroll of enchant armour
 k - a scroll of torment {!r}
 m - a scroll of amnesia {unknown}
 n - a scroll of fear
 p - a scroll of poison {!r}
 r - a scroll of fog
Potions
 a - 2 potions of lignification {!q}
 b - a potion of curing {unknown}
 d - 5 potions of heal wounds {@q2}
 f - a potion of brilliance {unknown}
 s - a potion of ambrosia

Dungeon Overview and Level Annotations

Branches:
Dungeon (4/15) Zot: 19967
 Temple: D:4-7

Altars:
Fedhas
Makhleb
Ru
Uskayaw
Yredelemnul

Shops:
D:3

[ #.......##+####+####
.. #######.............
... #............. ....
#.....>.......
....#######.............
..........)######'######
...........#.........#..
...........#.........#..
......OY...#.........'..
...........#+###########
..#######...... ......
+.$.... ...... #.......
...... #....... ......
###.... ###### ...


You could see an ogre.


Message History

You lost 3 mp, and now have 7/10 mp.
You hit the hobgoblin.
You kill the hobgoblin!
No target in view!
Your transformation is almost over.
There is an open door here.
Your transformation has ended.
Your +2 cloak unmelds from your body. 😎 MP[+2]
You regained 2 mp, and now have 9/10 mp.
There is an open door here.
You open the door.
There is an open door here.
There is an open door here.
There is an open door here.
m - a scroll labelled ZUASUGIGUJ 😎 MP[+1]
Your mp is fully restored (10).
As you open the door, it creaks loudly!
There is an open door here.
You open the door.
There is an open door here.
As you open the door, it creaks loudly!
Found a stone staircase leading down.
There is an open door here.
Blork the orc comes into view.
He is wielding a +1 halberd of venom.
Blork the orc shouts!
You hear a shout!
Casting: Spider Form (dangerous; 12% risk of failure)
Confirm with . or Enter, or press ? or * to list all spells.
The spell is quite dangerous to miscast (30% risk of failure)!
Continue anyway? [Y]es or [N]o only, please.
The spell is quite dangerous to miscast (30% risk of failure)!
Continue anyway?
You turn into a creature of crystalline ice.
Your +2 cloak melds into your body. 😎 HP[+9] MP[-4]
You now have 56 max hp (+9).
Your hp is fully restored (56).
You lost 4 mp, and now have 6/10 mp.
Casting: Ice Form (quite dangerous; 30% risk of failure)
Confirm with . or Enter, or press ? or * to list all spells.
Your blood is infused with primal strength. 😎 MP[-2]
You lost 2 mp, and now have 4/10 mp.
Blork the orc closely misses you.
You hit Blork the orc. You freeze Blork the orc.
Blork the orc hits you with a +1 halberd of venom!
You punch Blork the orc! You freeze Blork the orc.
Blork the orc completely misses you. 😕 HP[-13]
You take 13 damage, and now have 43/56 hp.
MASSIVE DAMAGE!! (PAUSE)
You punch Blork the orc! You freeze Blork the orc.
You feel a bit better.
You kill Blork the orc!
You have reached level 7!
Your scales start taking on a rich purple colour.
You learn Spellcasting much quicker.
Your Spellcasting skill increases to level 4!
You learn Hexes much quicker.
You learn Evocations quicker.
You can breathe bolts of dispelling energy. 😕 HP[+7]
You now have 62 max hp (+6).
You regained 7 hp, and now have 50/62 hp.
Things that are here:
a +1 halberd of venom; a +0 robe; 😕 HP[+1] MP[+1] Unknown command.
Unknown command.
You howl as the wereblood boils in your veins!
You howl as the wereblood boils in your veins!
An ogre comes into view.
It is wielding a +0 giant club. 😕 HP[+1]
An ogre is nearby!
Unknown command.
Unknown command.
An ogre is nearby!
An ogre is nearby! 😕 HP[+1] 😕 MP[+1]
You barely miss the ogre.
Ru believes you are ready to make a new sacrifice.
You hit the ogre. You freeze the ogre.
The ogre hits you with a +0 giant club! 😮 HP[-15]
You take 15 damage, and now have 38/62 hp.
MASSIVE DAMAGE!! (PAUSE)
You hit the ogre but do no damage.
You howl as the wereblood boils in your veins!
The ogre closely misses you.
You completely miss the ogre.
Unknown command.
You hit the ogre. You freeze the ogre. The ogre hits you with a +0 giant club!
* * * LOW HITPOINT WARNING * * *
😨 HP[-13]
You take 13 damage, and now have 25/62 hp.
MASSIVE DAMAGE!! (PAUSE)
You barely miss the ogre. The ogre hits you with a +0 giant club!
* * * LOW HITPOINT WARNING * * *
😱 HP[-12]
You take 12 damage, and now have 13/62 hp.
You hit the ogre but do no damage.
Unknown command.
You hit the ogre. You freeze the ogre. The ogre hits you with a +0 giant club!
You die...

Skill      XL: |  1  2  3  4  5  6 |
---------------+-------------------+-----
Poison Magic   | 1 2 |  2.5
Transmutations | 3 4 |  4.8
Ice Magic      | 2 3 4 |  4.2
Spellcasting   | 4 |  4.1
Fighting       | |  1.1
Dodging        | |  1.7
Unarmed Combat | |  3.0

Action                     |  1- 3 |  4- 6 |  7- 9 || total
---------------------------+-------+-------+-------++-------
  Melee: Unarmed           |    87 |   130 |     8 ||   225
         Kick              |    11 |     1 |       ||    12
         Headbutt          |    11 |     1 |       ||    12
         Tailslap          |     5 |     2 |       ||     7
         Punch             |     2 |       |       ||     2
   Cast: Beastly Appendage |    18 |     2 |       ||    20
         Spider Form       |     4 |    21 |       ||    25
         Wereblood         |       |     2 |       ||     2
         Ice Form          |       |     1 |       ||     1
    Use: Scroll            |     6 |     5 |       ||    11
   Stab: Sleeping          |     1 |       |       ||     1
 Armour: Skin              |    28 |    20 |       ||    48
  Dodge: Dodged            |    57 |    96 |     1 ||   154

Levels and vault maps discovered:
D:1:      nicolae_arrival_somewhat_less_tricky_arrival, layout_basic
D:2:      layout_loops_cross, basic_altar,
          shapermc_ecumenical_altar_mp_urbaneastern, serial_glass,
          glass_columns_c, glass_columns_a, uniq_sigmund
D:3:      layout_basic, general_overflow_altar, serial_bayou,
          serial_bayou_lake_a, serial_bayou_lagoon_a, serial_bayou_shore_a,
          serial_bayou_pond_e, serial_bayou_shore_b, serial_shops, shop,
          minmay_pentangle, uniq_jessica, uniq_natasha
D:4:      layout_gridville, minitemple, uniq_blork_the_orc

Notes
Turn   | Place    | Note
-------+----------+-------------------------------------------
     0 | D:1      | kae the Draconian Transmuter began the quest for the Orb.
     0 | D:1      | Reached XP level 1. HP: 16/16 MP: 3/3
     0 | D:1      | magus.rc [v1.11.3]
   301 | D:1      | Reached XP level 2. HP: 12/23 MP: 3/5
   306 | D:1      | Reached skill level 1 in Poison Magic
   769 | D:1      | Reached XP level 3. HP: 25/28 MP: 4/6
   772 | D:1      | Learned a level 2 spell: Wereblood
   776 | D:1      | Learned a level 3 spell: Spider Form
  1322 | D:2      | Noticed Sigmund
  1426 | D:2      | HP: 7/28 [something (7)]
  1556 | D:2      | Killed Sigmund
  1557 | D:2      | Reached skill level 3 in Transmutations
  1557 | D:2      | Reached skill level 2 in Ice Magic
  1557 | D:2      | Reached skill level 2 in Poison Magic
  1557 | D:2      | Reached XP level 4. HP: 20/35 MP: 4/8
  1557 | D:2      | Reached XP level 5. HP: 23/40 MP: 4/9
  1630 | D:2      | Found a faded altar of an unknown god.
  1750 | D:2      | Found a basalt altar of Yredelemnul.
  2274 | D:3      | You fall into a shaft and drop 1 floor!
  2274 | D:4      | Found a sacrificial altar of Ru.
  2274 | D:4      | Found a hide-covered altar of Uskayaw.
  2279 | D:4      | Found a burning altar of Makhleb.
  2301 | D:4      | Reached skill level 3 in Ice Magic
  2308 | D:4      | Reached XP level 6. HP: 44/47 MP: 5/10
  2321 | D:4      | Became a worshipper of Ru the Awakened
  2380 | D:4      | Reached skill level 4 in Transmutations
  2481 | D:4      | Reached skill level 3 in Spellcasting
  2586 | D:3      | Noticed Natasha
  2598 | D:3      | Killed Natasha
  2669 | D:3      | Found a blossoming altar of Fedhas.
  2749 | D:3      | Noticed Natasha
  2766 | D:3      | Killed Natasha
  2889 | D:3      | Noticed Jessica
  2896 | D:3      | Killed Jessica
  3056 | D:3      | Found Ramya's Armour Boutique.
  3148 | D:3      | Learned a level 4 spell: Ice Form
  3297 | D:3      | Noticed Natasha
  3307 | D:3      | Killed Natasha
  3308 | D:3      | Reached skill level 4 in Ice Magic
  3926 | D:4      | Noticed Blork the orc
  3944 | D:4      | Killed Blork the orc
  3945 | D:4      | Your scales start taking on a rich purple colour.
  3945 | D:4      | Reached skill level 4 in Spellcasting
  3945 | D:4      | Reached XP level 7. HP: 50/52 MP: 4/13
  3959 | D:4      | HP: 13/62 [ogre/+0 giant club (13)]
  3961 | D:4      | Slain by an ogre

Vanquished Creatures
  Sigmund (D:2)
  Blork the orc (D:4)
  A hound (D:4)
  An orc priest (D:3)
  Jessica (D:3)
  Natasha (thrice) (D:3)
  2 orc wizards (D:4)
  2 adders
  An ufetubus (D:3)
  3 worms (D:2)
  3 dart slugs
  6 orcs
  5 ball pythons
  9 bats
  6 endoplasms
  3 giant cockroaches
  10 goblins
  5 hobgoblins
  7 jackals
  3 kobolds
  5 quokkas
  3 rats (D:2)
81 creatures vanquished.

Vanquished Creatures (collateral kills)
  A ball python (D:2)
1 creature vanquished.

Vanquished Creatures (others)
  A fungus (D:2)
  15 plants
16 creatures vanquished.

Grand Total: 98 creatures vanquished

Table legend:
 A = Non-vault XP
 B = Vault XP
 C = Vault XP percentage of total XP
 D = Non-vault monster count
 E = Vault monster count
 F = Vault count percentage of total count
                 A         B        C        D         E       F
            +---------+---------+-------+---------+---------+-------
      Total |     388 |     416 |  51.7 |      66 |      16 |  19.5
            +---------+---------+-------+---------+---------+-------
        D:1 |      44 |       0 |   0.0 |      22 |       0 |   0.0
        D:2 |      47 |     231 |  83.1 |      21 |       1 |   4.5
        D:3 |     154 |      98 |  38.9 |      13 |      14 |  51.9
        D:4 |     143 |      87 |  37.8 |      10 |       1 |   9.1
            +---------+---------+-------+---------+---------+-------

Illustrated notes

Table legend:
 A = Kills in this place as a percentage of kills in the entire game.
 B = Kills by you in this place as a percentage of kills by you in the entire game.
 C = Kills by friends in this place as a percentage of kills by friends in the entire game.
 D = Other kills in this place as a percentage of other kills in the entire game.
 E = Experience gained in this place as a percentage of experience gained in the entire game.
 F = Experience gained in this place divided by the number of levels of this place that you have seen.
                   A       B       C       D       E      F
               +-------+-------+-------+-------+-------+----------------------
         Total | 100.0 | 100.0 | 100.0 |   N/A | 100.0 | 201.0
       Dungeon | 100.0 | 100.0 | 100.0 |   N/A | 100.0 | 201.0
               +-------+-------+-------+-------+-------+----------------------

Table legend: (Time is in decaauts)
 A = Elapsed time spent in this place.
 B = Non-inter-level travel time spent in this place.
 C = Inter-level travel time spent in this place.
 D = Time resting spent in this place.
 E = Time spent auto-exploring this place.
 F = Levels seen in this place.
 G = Mean time per level.
                   A        B        C        D        E       F      G
               +--------+--------+--------+--------+--------+-----+--------+
         Total |   4031 |   3912 |    119 |    135 |   3087 |   4 | 1007.8 |
       Dungeon |   4031 |   3912 |    119 |    135 |   3087 |   4 | 1007.8 |
               +--------+--------+--------+--------+--------+-----+--------+

Top non-repeatable levels by time:
     D:3: 1616 daAuts
     D:1: 1138 daAuts
     D:2: 869 daAuts
     D:4: 407 daAuts
